 Dungeon Crawl Stone Soup version 0.25-a0-1079-g858b6a6ff6 (webtiles) character file.

Game seed: 7466368486431398199, levelgen mode: deterministic

303515 Flugslaktarn the Severer (level 19, 0/186 HPs)
             Began as a Deep Dwarf Fighter on May 15, 2020.
             Was the Champion of Makhleb.
             Slain by a golden dragon (13 damage)
             ... on level 4 of the Realm of Zot.
             The game lasted 00:17:05 (17852 turns).

Flugslaktarn the Severer (Deep Dwarf Fighter)      Turns: 17852, Time: 00:17:05

Health: 0/186      AC: 31    Str: 33      XL:     19   Next: 83%
Magic:  6/6        EV: 17    Int: 13      God:    Makhleb [******]
Gold:   483        SH: 15    Dex: 12 (13) Spells: 18/18 levels left

rFire    + . .     SeeInvis +   a - +9 broad axe (vorpal)
rCold    + + +     Gourm    .   c - +0 kite shield
rNeg     + . .     Faith    +   B - +5 chain mail of the Fifty Eyes {rElec rC+ SInv Stlth-}
rPois    +         Spirit   .   p - +1 helmet
rElec    +         Reflect  .   F - +2 cloak {rPois}
rCorr    .         Harm     .   v - +2 pair of gloves
MR       ++...                  j - +0 pair of boots
Stlth    ..........             y - amulet of faith
HPRegen  0.00/turn              O - ring of Music {rPois rF+ rC+ Slay+3}
MPRegen  0.10/turn              P - ring "Zaghoh" {rC+ Str+6 Int+4 SInv}

@: very slightly contaminated, non-regenerating, slowed, studying Shields,
invisible, very slow
A: damage resistance, heal wounds, deterioration 1, negative energy resistance
1, sense surroundings 3, no regeneration
}: 3/15 runes: barnacled, silver, gossamer
a: Heal Wounds, Minor Destruction, Lesser Servant of Makhleb, Major Destruction,
Greater Servant of Makhleb, Renounce Religion


You were on level 4 of the Realm of Zot.
You worshipped Makhleb.
Makhleb was exalted by your worship.
You were very hungry.

You visited 8 branches of the dungeon, and saw 43 of its levels.

You collected 2105 gold pieces.
You spent 1622 gold pieces at shops.

Inventory:

Hand Weapons
 a - a +9 vorpal broad axe (weapon)
   (You acquired it on level 5 of the Lair of Beasts)
Missiles
 S - 3 throwing nets (quivered)
Armour
 b - +0 gold dragon scales
   (You found it on level 3 of the Realm of Zot)
 c - a +0 kite shield (worn)
 j - a +0 pair of boots (worn)
   (You found it on level 1 of the Lair of Beasts)
 p - a +1 helmet (worn)
   (You found it on level 1 of the Dungeon)
 v - a +2 pair of gloves (worn)
   (You found it on level 5 of the Dungeon)
 B - the +5 chain mail of the Fifty Eyes (worn) {rElec rC+ SInv Stlth-}
   (You took it off an orc warlord on level 1 of the Vaults)

   It protects you from cold.
   It insulates you from electricity.
   It lets you see invisible.
   It makes you less stealthy.
 F - a +2 cloak of poison resistance (worn)
   (You found it on level 1 of the Vaults)
 R - a +1 plate armour of fire resistance
   (You took it off an orc knight on level 1 of the Vaults)
Jewellery
 f - an uncursed ring of protection from fire
   (You took it off a vampire mage on level 3 of the Depths)
 i - an uncursed ring of see invisible
   (You found it on level 4 of the Dungeon)
 y - an amulet of faith (around neck)
   (You found it on level 1 of the Dungeon)
 D - a +6 ring of strength
   (You took it off an orc warlord on level 1 of the Vaults)
 M - a +6 ring of dexterity
   (You found it on level 4 of the Lair of Beasts)
 O - the ring of Music (left hand) {rPois rF+ rC+ Slay+3}
   (You bought it in a shop on level 11 of the Dungeon)

   [ring of poison resistance]

   It affects your accuracy and damage with ranged weapons and melee attacks
   (+3).
   It protects you from fire.
   It protects you from cold.
   It protects you from poison.
 P - the ring "Zaghoh" (right hand) {rC+ Str+6 Int+4 SInv}
   (You acquired it on level 5 of the Lair of Beasts)

   [ring of strength]

   It affects your strength (+6).
   It affects your intelligence (+4).
   It protects you from cold.
   It lets you see invisible.
Wands
 E - a wand of enslavement (8)
   (You found it on level 9 of the Dungeon)
 G - a wand of iceblast (20)
   (You found it on level 9 of the Dungeon)
 H - a wand of paralysis (7)
   (You found it on level 1 of the Lair of Beasts)
 L - a wand of clouds (12)
   (You found it on level 4 of the Lair of Beasts)
 U - a wand of acid (3)
   (You found it on level 5 of the Vaults)
Scrolls
 l - 5 scrolls of immolation
 n - a scroll of magic mapping
 r - 6 scrolls of identify
 t - 2 scrolls of teleportation
 x - 12 scrolls of remove curse
 z - a scroll of blinking
 K - a scroll of summoning
 Q - 4 scrolls of fear
 V - 3 scrolls of fog
Potions
 d - a potion of might
 g - a potion of flight
 h - a potion of haste
 k - a potion of berserk rage
 m - 3 potions of magic
 q - a potion of curing
 s - 6 potions of ambrosia
 u - 5 potions of lignification
 w - 8 potions of heal wounds
 A - 3 potions of cancellation
 C - 3 potions of invisibility
 I - 3 potions of mutation
 J - 3 potions of resistance
 N - 3 potions of stabbing
Books
 o - a manual of Shields
   (You acquired it on level 4 of the Spider Nest)
Miscellaneous
 T - a tin of tremorstones (1/3)
   (You bought it in a shop on level 4 of the Vaults)
Comestibles
 e - 38 rations


   Skills:
 + Level 15.4 Fighting
 - Level 18.0 Axes
 + Level 17.9 Armour
 + Level 15.0 Dodging
 - Level 15.0 Shields
 - Level 15.0 Invocations
 - Level 6.0 Evocations


You had 18 spell levels left.
You didn't know any spells.
Your spell library was empty.

Dungeon Overview and Level Annotations

Branches:
Dungeon (15/15)            Temple (1/1) D:6            Lair (5/6) D:8
 Shoals (4/4) Lair:2       Spider (4/4) Lair:4        Slime (0/5) Lair:5
 Vaults (5/5) D:13         Depths (5/5) D:15            Zot (4/5) Depths:5
    Orc: D:9-12       Crypt: Vaults:2-3

Altars:
Ashenzari
Cheibriados
Elyvilon
Fedhas
Gozag
Hepliaklqana
Kikubaaqudgha
Makhleb
Nemelex Xobeh
Okawaru
Qazlal
Ru
Sif Muna
Trog
Uskayaw
Wu Jian
Yredelemnul
Zin
The Shining One
Beogh
Jiyva

Shops:
D:5 !   D:11 =   Vaults:4 }

Portals:
Hell: Depths:1
Abyss: Depths:4

Annotations:
D:12 3 runed translucent doors, Nouletel's ghost, journeyman FoAK
D:14 3 runed translucent doors, Zetz's ghost, journeyman TrTm
Lair:2 exclusion: oklob plant
Lair:3 2 transporters, Sygruoh's ghost, journeyman TeAE
Lair:5 2 transporters, Ofor's ghost, journeyman CeHu


Innate Abilities, Weirdness & Mutations

You are resistant to damage.
You can heal yourself by infusing magical energy.
You resist negative energy. (rN+)
You passively map a large area around you.
You do not regenerate.
Your body sometimes deteriorates upon taking damage.


Message History

You block the golden dragon's attack. The golden dragon barely misses you.
The moth of wrath barely misses you.
The white draconian completely misses you.
The yellow draconian throws acid at you.
The glob of acid hits the white draconian!
The white draconian is splashed with acid. x2
The golden dragon bites you but does no damage.
You block the golden dragon's attack. The golden dragon closely misses you.
The moth of wrath goads the red draconian monk on!
The red draconian monk goes berserk!
The white draconian roars!
You are very lightly contaminated with residual magic.
Unknown command.
You are too injured to fight recklessly!
You are too injured to fight recklessly!
You feel much better. The golden dragon bites you!!!
* * * LOW HITPOINT WARNING * * *
Your body deteriorates!
You feel clumsy. The golden dragon claws you!!
You die...

#...# ##...#
#....### * #
#......####.. #
#.....<......
######. #...........
...... #..d........
, ....( #.yq########
#....
#..@############d...
##..Ddddd.....))....
#######...###d####^
#...# * .#* #...# .#
##### .# **.# * .


You could see a red draconian monk (berserk), a golden dragon (berserk), a
yellow draconian (catching breath), a purple draconian, a red draconian
(berserk), 2 draconians and a moth of wrath.

Vanquished Creatures
  An orb of fire (Zot:4)
  A juggernaut (Depths:5)
  2 golden dragons
  A bone dragon (Depths:5)
  The ghost of Kuifeh the Executioner, an adept MiBe of Trog (Vaults:1)
  2 tentacled monstrosities (Zot:4)
  2 liches
  3 titans (Vaults:5)
  A quicksilver dragon (Zot:4)
  A sphinx (Vaults:5)
  2 death cobs
  5 tengu reavers
  A draconian monk (Zot:2)
  A shadow dragon (Vaults:5)
  A storm dragon (Vaults:5)
  2 fire giants
  2 frost giants
  5 emperor scorpions
  2 ghost moths
  2 vault wardens
  2 orc warlords (Vaults:1)
  2 draconian knights (Zot:2)
  2 draconian scorchers
  Aizul (Spider:1)
  3 ironheart preservers
  2 draconian shifters (Zot:1)
  9 very ugly things
  4 draconian stormcallers (Depths:5)
  A draconian annihilator (Depths:5)
  7 stone giants
  2 entropy weavers
  A black draconian (Zot:2)
  4 purple draconians
  3 red draconians
  3 white draconians
  A dire elephant (D:15)
  2 spark wasps
  3 yellow draconians
  3 merfolk javelineers
  A deep elf high priest (Vaults:5)
  3 ettins
  A ragged hierophant (Vaults:4)
  6 merfolk impalers
  5 fire dragons
  2 great orbs of eyes
  8 yaktaur captains
  Erolcha (D:11)
  22 vault guards
  3 ice dragons (Depths:5)
  7 hydras
  3 centaur warriors
  3 merfolk aquamancers (Shoals:4)
  3 ogre magi
  A deep troll shaman (Vaults:4)
  3 tengu warriors
  13 two-headed ogres
  6 deep troll earth magi
  A spriggan berserker (Depths:3)
  A vampire mage (Depths:3)
  3 death yaks
  Sonja (D:13)
  Urug (D:13)
  5 hell knights (Depths:4)
  An iron troll (Depths:1)
  4 deep elf knights
  A soul eater (Depths:2)
  A shadow wraith (Depths:2)
  10 deep trolls
  5 skeletal warriors
  2 sea snakes (Shoals:4)
  3 unseen horrors
  A swamp dragon (shapeshifter) (Depths:1)
  2 glowing orange brains
  A flayed ghost (Depths:2)
  5 deep elf archers
  7 ironbrand convokers
  A wizard (D:15)
  Pikel (D:7)
  7 orc knights
  4 harpies (Vaults:4)
  2 necromancers (Depths:4)
  An orb spider (shapeshifter) (Vaults:5)
  8 fauns (Shoals:4)
  8 orb spiders
  7 deep elf magi
  22 wolf spiders
  An orc sorcerer (Vaults:4)
  9 cyclopes
  5 manticores (Shoals:4)
  A manticore (shapeshifter) (Depths:5)
  17 ugly things
  7 moths of wrath
  4 merfolk sirens
  5 vault sentinels
  5 black mambas
  A water nymph (Shoals:4)
  Maurice (D:13)
  3 centaur zombies
  3 torpor snails
  3 komodo dragons
  11 spiny frogs
  A rime drake (shapeshifter) (Vaults:4)
  An efreet (D:14)
  12 yaktaurs
  4 demonic crawlers
  3 freezing wraiths
  A queen bee (shapeshifter) (Depths:1)
  20 merfolk
  3 meliai (Spider:2)
  A wind drake (Shoals:4)
  3 trolls
  A harpy skeleton (D:15)
  15 jumping spiders
  A jumping spider (shapeshifter) (D:13)
  3 hornets
  2 saltlings (Vaults:4)
  14 blink frogs
  3 snapping turtles
  14 slime creatures
  14 hippogriffs
  A meliai zombie (D:13)
  A centaur simulacrum (D:11)
  45 redbacks
  3 vampires
  9 yaks
  6 spriggans (Lair:2)
  A spriggan (shapeshifter) (Vaults:4)
  3 basilisks
  4 water elementals
  11 tarantellas
  A wyvern (Lair:3)
  2 hungry ghosts
  Menkaure (D:7)
  2 acid dragons
  7 wargs (Depths:2)
  4 vampire mosquitoes (D:12)
  4 porcupines
  11 water moccasins
  A phantom (D:4)
  3 hell hounds (Depths:2)
  4 slaves (D:7)
  13 orc warriors
  5 sky beasts
  A black bear (D:9)
  6 ice beasts
  2 eyes of draining
  A necrophage (D:10)
  3 centaurs
  9 ogres
  A centaur (shapeshifter) (Vaults:5)
  9 wolves
  6 crocodiles
  5 big kobolds
  11 bullfrogs
  A wyvern skeleton (D:14)
  14 killer bees
  3 scorpions
  4 wights (D:10)
  2 electric eels
  2 howler monkeys
  3 bullfrog zombies
  2 crimson imps
  8 orc priests
  Crazy Yiuf (D:7)
  7 centaur skeletons
  2 jellies
  2 bullfrog skeletons (D:8)
  6 hounds
  6 iguanas
  11 orc wizards
  6 worker ants
  Natasha (D:2)
  A hound zombie (D:7)
  7 gnolls
  A howler monkey skeleton (D:5)
  2 adders
  2 shadow imps
  A worker ant simulacrum (D:11)
  4 oozes (Lair:5)
  An adder skeleton (D:4)
  3 dart slugs
  5 leopard geckos
  43 orcs
  3 bats
  11 giant cockroaches
  4 hobgoblins
  2 quokkas
  A ball python skeleton (D:6)
  2 frilled lizards
  9 goblins
  A hobgoblin zombie (D:10)
  21 kobolds
  An orc zombie (D:10)
  A quokka skeleton (D:9)
  5 rats
  A bush (D:15)
  18 plants
919 creatures vanquished.

Vanquished Creatures (collateral kills)
  A golden dragon (Zot:4)
  A ghost moth (Spider:4)
  2 emperor scorpions (Spider:4)
  An orc warlord (Vaults:1)
  2 stone giants (Vaults:1)
  A hydra (Lair:2)
  2 orc high priests (Vaults:1)
  2 orc knights (Vaults:1)
  3 orb spiders (Spider:4)
  A wolf spider (Spider:4)
  A moth of wrath (Spider:4)
  A black mamba (Lair:2)
  A jumping spider (Spider:4)
  2 redbacks (Spider:4)
  A porcupine (Lair:2)
22 creatures vanquished.

Vanquished Creatures (others)
  A red draconian (Depths:5)
  A bush (D:15)
  8 fungi
  22 plants
32 creatures vanquished.

Grand Total: 973 creatures vanquished

Notes
Turn   | Place    | Note
-------+----------+-------------------------------------------
     0 | D:1      | Flugslaktarn the Deep Dwarf Fighter began the quest for the
                  | Orb.
     0 | D:1      | Reached XP level 1. HP: 20/20 MP: 1/1
   139 | D:1      | Reached XP level 2. HP: 27/27 MP: 2/2
   381 | D:2      | Reached skill level 3 in Axes
   383 | D:2      | Reached XP level 3. HP: 26/33 MP: 3/3
   494 | D:2      | Noticed Natasha
   500 | D:2      | Killed Natasha
   505 | D:2      | Reached XP level 4. HP: 32/42 MP: 4/4
   708 | D:4      | Noticed a phantom
   784 | D:4      | Killed a phantom
   784 | D:4      | Reached skill level 4 in Axes
   784 | D:4      | Reached XP level 5. HP: 40/49 MP: 4/4
   922 | D:4      | Reached XP level 6. HP: 40/56 MP: 5/5
  1062 | D:4      | Reached skill level 5 in Axes
  1402 | D:4      | Found a snail-covered altar of Cheibriados.
  1623 | D:5      | Entered Level 5 of the Dungeon
  1790 | D:5      | Found an opulent altar of Gozag.
  2265 | D:5      | Found a shattered altar of Ashenzari.
  2309 | D:5      | Found Korucej's Distillery.
  2313 | D:5      | Bought 2 potions of might for 112 gold pieces
  2451 | D:6      | Found a staircase to the Ecumenical Temple.
  2460 | D:6      | Noticed a sky beast
  2488 | D:6      | Reached XP level 7. HP: 27/64 MP: 6/6
  2492 | D:6      | Reached skill level 5 in Armour
  2492 | D:6      | Reached skill level 5 in Shields
  2500 | D:6      | Reached skill level 6 in Axes
  2529 | Temple   | Entered the Ecumenical Temple
  2562 | Temple   | Became a worshipper of Makhleb the Destroyer
  2637 | D:6      | Reached skill level 1 in Invocations
  2645 | D:6      | Reached XP level 8. HP: 30/73 MP: 7/7
  2700 | D:6      | Reached skill level 7 in Axes
  2986 | D:7      | Reached skill level 5 in Fighting
  3007 | D:7      | Found a glowing golden altar of the Shining One.
  3080 | D:7      | Found a sacrificial altar of Ru.
  3095 | D:7      | Reached * piety under Makhleb
  3139 | D:7      | Noticed Pikel
  3181 | D:7      | Killed Pikel
  3181 | D:7      | Reached skill level 8 in Axes
  3181 | D:7      | Gained mutation: You passively map the area around you.
                  | [Deep Dwarf growth]
  3181 | D:7      | Reached XP level 9. HP: 37/81 MP: 8/8
  3225 | D:7      | Noticed Menkaure
  3231 | D:7      | Killed Menkaure
  3284 | D:7      | Noticed a troll
  3294 | D:7      | Killed a troll
  3299 | D:7      | Found a hide-covered altar of Uskayaw.
  3373 | D:7      | Found a runed translucent door.
  3374 | D:7      | Noticed Crazy Yiuf
  3459 | D:7      | Killed Crazy Yiuf
  3609 | D:8      | Reached skill level 9 in Axes
  3654 | D:8      | Reached skill level 5 in Invocations
  3872 | D:8      | Found a staircase to the Lair.
  3912 | D:8      | Reached ** piety under Makhleb
  4305 | D:9      | Noticed a skeletal warrior
  4307 | D:9      | Noticed a two-headed ogre
  4349 | D:9      | Killed a skeletal warrior
  4349 | D:9      | Reached XP level 10. HP: 28/91 MP: 9/9
  4356 | D:9      | Killed a two-headed ogre
  4356 | D:9      | Reached skill level 10 in Axes
  4447 | D:9      | Reached *** piety under Makhleb
  4595 | D:9      | Noticed a cyclops
  4610 | D:9      | Killed a cyclops
  4789 | D:9      | Reached skill level 11 in Axes
  4843 | D:9      | Found an iron altar of Okawaru.
  4843 | D:9      | Found a faded altar of an unknown god.
  4954 | D:9      | Found an ancient bone altar of Kikubaaqudgha.
  4956 | D:9      | Found a white marble altar of Elyvilon.
  4958 | D:9      | Found a faded altar of an unknown god.
  5124 | Lair:1   | Entered Level 1 of the Lair of Beasts
  5246 | Lair:1   | Noticed a spiny frog
  5253 | Lair:1   | Killed a spiny frog
  5349 | Lair:1   | Noticed a black mamba
  5362 | Lair:1   | Killed a black mamba
  5362 | Lair:1   | Reached XP level 11. HP: 86/100 MP: 9/9
  6125 | Lair:2   | Noticed an oklob plant
  6274 | Lair:2   | Noticed a six-headed hydra
  6283 | Lair:2   | Killed a six-headed hydra
  6513 | Lair:2   | Found a staircase to the Shoals.
  6719 | Lair:2   | Noticed an eight-headed hydra
  6729 | Lair:2   | Killed a five-headed hydra
  6729 | Lair:2   | Reached skill level 12 in Axes
  6971 | Lair:3   | Found a transporter.
  6995 | Lair:3   | Found a transporter.
  7072 | Lair:3   | Noticed Sygruoh's ghost (journeyman TeAE)
  7074 | Lair:3   | Noticed a death yak
  7313 | Lair:3   | Reached **** piety under Makhleb
  7474 | Lair:4   | Noticed a seven-headed hydra
  7525 | Lair:4   | Noticed a six-headed hydra
  7563 | Lair:4   | Killed a one-headed hydra
  7585 | Lair:4   | Reached XP level 12. HP: 40/110 MP: 8/8
  7802 | Lair:4   | Killed a five-headed hydra
  7802 | Lair:4   | Reached skill level 13 in Axes
  8015 | Lair:4   | Found a hole to the Spider Nest.
  8096 | Lair:4   | Reached skill level 10 in Armour
  8107 | Lair:4   | Reached skill level 10 in Shields
  8443 | Lair:5   | Reached skill level 10 in Invocations
  8450 | Lair:5   | Noticed an eight-headed hydra
  8464 | Lair:5   | Killed a one-headed hydra
  8532 | Lair:5   | Identified 3 scrolls of acquirement
  8537 | Lair:5   | Got the ring "Zaghoh" {rC+ Str+6 Int+4 SInv}
  8599 | Lair:5   | Found a transporter.
  8618 | Lair:5   | Noticed Ofor's ghost (journeyman CeHu)
  8631 | Lair:5   | Found a transporter.
  8656 | Lair:5   | Reached skill level 1 in Dodging
  8818 | Lair:5   | Reached ***** piety under Makhleb
  8845 | Lair:5   | Found a snail-covered altar of Cheibriados.
  8888 | Lair:5   | Noticed a death yak
  8891 | Lair:5   | Noticed a death yak
  8898 | Lair:5   | Killed a death yak
  8898 | Lair:5   | Reached skill level 5 in Dodging
  8908 | Lair:5   | Killed a death yak
  9247 | Lair:5   | Noticed a seven-headed hydra
  9287 | Lair:5   | Killed a one-headed hydra
  9287 | Lair:5   | Reached XP level 13. HP: 57/118 MP: 5/5
  9441 | Lair:5   | Found a runed translucent door.
  9441 | Lair:5   | Found a viscous altar of Jiyva.
  9442 | Lair:5   | Found a staircase to the Slime Pits.
  9758 | D:10     | Entered Level 10 of the Dungeon
  9910 | D:11     | Found a shattered altar of Ashenzari.
  9914 | D:11     | Saw a vision of the Shoals and the Spider Nest.
  9972 | D:11     | Noticed Erolcha
  9976 | D:11     | Killed Erolcha
 10158 | D:11     | Found Vikhe's Jewellery Shop.
 10162 | D:11     | Bought the ring of Music {rPois rF+ rC+ Slay+3} for 750
                  | gold pieces
 10679 | D:12     | Found a runed translucent gate.
 10679 | D:12     | Found a runed translucent gate.
 10679 | D:12     | Found a runed translucent gate.
 10680 | D:12     | Noticed Nouletel's ghost (journeyman FoAK)
 10710 | D:13     | Noticed Sonja
 10718 | D:13     | Killed Sonja
 10718 | D:13     | Reached skill level 14 in Axes
 10806 | D:14     | Found a runed translucent gate.
 10806 | D:14     | Found a runed translucent gate.
 10807 | D:14     | Found a runed translucent gate.
 10807 | D:14     | Noticed a minotaur
 10808 | D:14     | Noticed Zetz's ghost (journeyman TrTm)
 10878 | D:15     | Entered Level 15 of the Dungeon
 10915 | D:15     | Reached ****** piety under Makhleb
 11052 | D:15     | Noticed a dire elephant
 11069 | D:15     | Killed a dire elephant
 11069 | D:15     | Gained mutation: You resist negative energy. (rN+) [Deep
                  | Dwarf growth]
 11069 | D:15     | Reached XP level 14. HP: 86/129 MP: 7/7
 11093 | D:15     | Found a staircase to the Depths.
 11593 | Spider:1 | Entered Level 1 of the Spider Nest
 11609 | Spider:1 | Noticed Aizul
 11626 | Spider:1 | Reached skill level 15 in Axes
 11636 | Spider:1 | Killed Aizul
 11799 | Spider:1 | Noticed an entropy weaver
 11812 | Spider:1 | Killed an entropy weaver
 11867 | Spider:2 | Reached skill level 10 in Fighting
 11905 | Spider:2 | Noticed an emperor scorpion
 11922 | Spider:2 | Killed an emperor scorpion
 12244 | Spider:3 | Noticed an entropy weaver
 12254 | Spider:3 | Killed an entropy weaver
 12266 | Spider:4 | Entered Level 4 of the Spider Nest
 12269 | Spider:4 | Reached skill level 16 in Axes
 12388 | Spider:4 | Reached XP level 15. HP: 116/140 MP: 9/9
 12404 | Spider:4 | Got a scorched chain mail
 12431 | Spider:4 | Identified the cursed +1 chain mail of the Endless
                  | Blessings {SInv} (You found it on level 4 of the Spider
                  | Nest)
 12554 | Spider:4 | Noticed a ghost moth
 12558 | Spider:4 | Killed a ghost moth
 12658 | Spider:4 | Got a gossamer rune of Zot
 12723 | Spider:4 | Noticed a ghost moth
 12729 | Spider:4 | Killed a ghost moth
 12930 | Shoals:1 | Entered Level 1 of the Shoals
 12930 | Shoals:1 | Found a blossoming altar of Fedhas.
 13254 | Shoals:4 | Entered Level 4 of the Shoals
 13345 | Shoals:4 | Found the +8 autumn katana {vorpal, Clar}
 13383 | Shoals:4 | Reached skill level 17 in Axes
 13719 | Shoals:4 | Reached XP level 16. HP: 115/150 MP: 9/9
 13726 | Shoals:4 | Got a barnacled rune of Zot
 14504 | D:13     | Noticed Urug
 14517 | D:13     | Killed Urug
 14522 | D:13     | Noticed Maurice
 14528 | D:13     | Killed Maurice
 14529 | D:13     | Found a gate to the Vaults.
 14538 | Vaults:1 | Entered Level 1 of the Vaults
 14712 | Vaults:1 | Found a runed translucent gate.
 14712 | Vaults:1 | Found a runed translucent gate.
 14712 | Vaults:1 | Identified the +14 plate armour of the Moon Troll {Str+2
                  | Slay+6}
 14712 | Vaults:1 | Identified the +1 kite shield "Lookkaych" {*Slow +Blink
                  | Int+2 SInv}
 14713 | Vaults:1 | Found a runed translucent gate.
 14713 | Vaults:1 | Noticed Kuifeh's ghost (adept MiBe)
 14714 | Vaults:1 | Identified the +5 chain mail of the Fifty Eyes {rElec rC+
                  | SInv Stlth-}
 14715 | Vaults:1 | Identified the cursed +1 chain mail "Seutaop" {rC+ Int+4
                  | Dex+2}
 14850 | Vaults:1 | Found a roughly hewn altar of Beogh.
 14869 | Vaults:1 | Reached skill level 18 in Axes
 14896 | Vaults:1 | Killed Kuifeh's ghost
 14901 | Vaults:1 | HP: 6/152 [orc warlord/+5 glaive (40)]
 14936 | Vaults:1 | Reached skill level 15 in Shields
 15218 | Vaults:4 | Reached skill level 15 in Invocations
 15292 | Vaults:4 | Reached XP level 17. HP: 146/159 MP: 8/8
 15526 | Vaults:4 | Reached skill level 10 in Dodging
 15741 | Vaults:4 | Noticed a lich
 15743 | Vaults:4 | Killed a lich
 15931 | Vaults:4 | Found Plog's Gadget Shoppe.
 15936 | Vaults:4 | Found a ruined gateway.
 15947 | Vaults:4 | Bought a tin of tremorstones (3/3) for 760 gold pieces
 16126 | Vaults:5 | Entered Level 5 of the Vaults
 16132 | Vaults:5 | Reached skill level 1 in Evocations
 16164 | Vaults:5 | Reached skill level 5 in Evocations
 16199 | Vaults:5 | Noticed a titan
 16217 | Vaults:5 | Killed a titan
 16217 | Vaults:5 | Reached skill level 15 in Armour
 16382 | Vaults:5 | Noticed a titan
 16391 | Vaults:5 | Noticed a titan
 16395 | Vaults:5 | Killed a titan
 16403 | Vaults:5 | Killed a titan
 16403 | Vaults:5 | Gained mutation: You passively map a large area around you.
                  | [Deep Dwarf growth]
 16403 | Vaults:5 | Reached XP level 18. HP: 157/171 MP: 9/9
 16531 | Vaults:5 | Got a silver rune of Zot
 16835 | Depths:1 | Entered Level 1 of the Depths
 16894 | Depths:1 | Found a gateway to Hell.
 17121 | Depths:4 | Found a one-way gate to the infinite horrors of the Abyss.
 17148 | Depths:4 | Noticed a golden dragon
 17169 | Depths:4 | Killed a golden dragon
 17199 | Depths:5 | Entered Level 5 of the Depths
 17287 | Depths:5 | Noticed a juggernaut
 17301 | Depths:5 | Killed a juggernaut
 17313 | Depths:5 | Noticed a lich
 17321 | Depths:5 | Paralysed by a lich for 2 turns
 17326 | Depths:5 | Reached XP level 19. HP: 183/183 MP: 10/10
 17326 | Depths:5 | Killed a lich
 17369 | Depths:5 | Noticed a bone dragon
 17398 | Depths:5 | Killed a bone dragon
 17408 | Depths:5 | Found a gate to the Realm of Zot.
 17450 | Zot:1    | Entered Level 1 of the Realm of Zot
 17566 | Zot:2    | Reached skill level 15 in Fighting
 17642 | Zot:3    | Noticed a golden dragon
 17659 | Zot:3    | Killed a golden dragon
 17770 | Zot:4    | Noticed an orb of fire
 17775 | Zot:4    | Noticed a golden dragon
 17783 | Zot:4    | Noticed a golden dragon
 17785 | Zot:4    | Gained mutation: Your body sometimes deteriorates upon
                  | taking damage. [an orb of fire]
 17796 | Zot:4    | Killed an orb of fire
 17829 | Zot:4    | Killed a golden dragon
 17834 | Zot:4    | Noticed a golden dragon
 17835 | Zot:4    | Reached skill level 15 in Dodging
 17852 | Zot:4    | Slain by a golden dragon

Illustrated notes

Levels and vault maps discovered:
D:1:      saegor_arrival_under_anarchy, layout_loops_ring,
          minmay_worlds_worst_comb
D:2:      layout_rooms, uniq_natasha
D:3:      layout_basic, serial_rivers, chequers_serial_rivers_large_a,
          chequers_serial_rivers_micro_c, chequers_serial_rivers_micro_c,
          chequers_serial_rivers_micro_a, first_ration, patterned_corridor
D:4:      layout_basic, kennysheep_slug_shrine
D:5:      layout_loops_corners, nicolae_gozag_cash_rules_everything_around_me,
          kennysheep_mini, serial_shops, shop_fountains, serial_park_tiny_1
D:6:      layout_rooms, minmay_temple_entry_glassed_door
D:7:      layout_rooms, eat_drink_and_be_merry_uskayaw, lemuel_doored_altar,
          basic_altar, hangedman_abyss_or_decor_lesser_grid, uniq_pikel,
          uniq_menkaure, uniq_crazy_yiuf_cottage
D:8:      layout_loops_ring, lair_entry_dummy, blue_anna_alchemist
          [blue_anna_fruit_fields, blue_anna_fruit_fields],
          grunt_decor_arrowhead
D:9:      minmay_cut_squares, layout_irregular_city,
          chequers_temple_overflow_minitemple
D:10:     layout_long_grid, zombieorc1_lemuel, item_on_display_a
D:11:     layout_basic, serial_ice, serial_ice_b, serial_ice_k, serial_ice_o,
          serial_ice_a, serial_ice_n, serial_ice_d, portal_ice_cave_entry_imps,
          serial_shops, nicolae_shop_trees, grunt_ashenzari_visionary
          [grunt_ashenzari_visionary_shoals, grunt_ashenzari_visionary_spider],
          uniq_erolcha
D:12:     layout_grid_maze, gammafunk_ghost_spectres, uniq_fannar
D:13:     layout_basic, david_vaults_2, enter_bailey_2, uniq_maurice,
          uniq_sonja, uniq_urug, uniq_rupert
D:14:     layout_loops_cross, kennysheep_flooded_box,
          maelrawn_ghost_gauntlet_escape, gauntlet_entry_generic, enter_trove_1
D:15:     hangedman_depths_entry_try_elsewhere_first, layout_stronghold,
          serial_park_gazebo [serial_park_minivault_5x5_6], uniq_louise
Temple:   eino_narrow_crystal_temple
Lair:1:   layout_hall_layers
Lair:2:   layout_chaotic_city, elwin_shoals_entry_rooms, wad_woods_01,
          infiniplex_staircase_pool_2, minmay_lair_oklob_chamber
Lair:3:   layout_hall_layers, gammafunk_ghost_arena, serial_rivers,
          chequers_serial_rivers_micro_a, chequers_serial_rivers_small_a,
          chequers_serial_rivers_micro_c, chequers_serial_rivers_small_a,
          minmay_holes, kennysheep_catoblepas_arena
Lair:4:   layout_misc_corridors, nicolae_spider_entry_tight_spaces,
          serial_bayou_shore_a, grunt_megastairs_3, lemuel_fruit_fields
Lair:5:   layout_layer_cave, slime_altar_2, gammafunk_ghost_berserking_beasts,
          basic_altar, st_stairs_4, beast_lair_carwin_9, grunt_megastairs_5,
          lemuel_fruit_tree, infiniplex_staircase_pool
Shoals:1: layout_shoals, hangedman_feature_mirror
Shoals:2: layout_shoals, nicolae_shoals_loop_pool
Shoals:3: layout_shoals
Shoals:4: shoals_end_grunt_garden, layout_shoals
Spider:1: layout_chambers, uniq_azrael, uniq_aizul
Spider:2: layout_spider_delve
Spider:3: layout_chambers, nicolae_spider_shape, nicolae_spider_cling_ruins
Spider:4: grunt_spider_rune_circles, nicolae_spider_stair_cavern
Vaults:1: biasface_vaults_ghost_orc_armoury, ontoclasm_vaults_ring_large,
          vaults_room_door_hall, grunt_vaults_twisty,
          nicolae_vaults_diagonal_hallway_7, grunt_vaults_funnel,
          hangedman_vaults_slice, nicolae_vaults_specimen_jars,
          nicolae_vaults_little_squares_2, ontoclasm_vaults_fault,
          nicolae_vaults_little_squares_2, layout_vaults_big_room
Vaults:2: hangedman_vaults_pinch, minmay_crypt_entry_simple_walls,
          vaults_standard_mumra_enter_the_diamond, vaults_room_semicircle,
          nicolae_vaults_puzzle_piece, grunt_vaults_trifunnel,
          hangedman_vaults_capsules, nicolae_vaults_ring_of_whatevers,
          v_misc_10, ontoclasm_vaults_twist, vaults_dpeg_ring,
          nicolae_vaults_asterisk, nicolae_vaults_angled_halls,
          layout_vaults_big_cross, serial_shops, shop, uniq_asterion,
          uniq_frederick
Vaults:3: nicolae_vaults_yaktaur_gun_rack,
          nicolae_vaults_windows_and_doors_thing, vaults_room_pool, v_misc_16,
          v_alt_pattern_4, layout_vaults_omnigrid, serial_shops, shop_fountains,
          uniq_sojobo
Vaults:4: nicolae_vaults_theta, ontoclasm_vaults_ring_small,
          nicolae_vaults_big_angled_halls, vaults_room_pool,
          vaults_room_door_hall, grunt_vaults_diagonal,
          vaults_standard_mumra_enter_the_diamond, ontoclasm_vaults_shuriken,
          hangedman_vaults_impose, v_misc_5, hangedman_vaults_nodes, v_misc_30,
          v_misc_33, nicolae_vaults_back_hallway, nicolae_vaults_little_ls,
          layout_vaults_maze, serial_shops, shop, portal_desolation_entry_salt
Vaults:5
Depths:1: layout_cross, abyss_entry_glasseish, serial_bayou,
          serial_bayou_pond_c, serial_bayou_pond_b, serial_bayou_lagoon_a,
          serial_bayou_pond_a, hell_entry, dk_noncrumbling_3, minivault_22,
          nooodl_food_tri
Depths:2: lemuel_river_lethe, hell_entry, uniq_mara
Depths:3: minmay_the_grid_octo_tiled_squarecenter_mashed
          [minmay_the_grid_octo_pinwheel, minmay_the_grid_octo_checkered,
          minmay_the_grid_octo_checkerflower, minmay_the_grid_octo_focus,
          minmay_the_grid_square_5x5_megaprize_open,
          minmay_the_grid_square_5x5_eight_small,
          minmay_the_grid_square_5x5_inset, minmay_the_grid_square_5x5_percent,
          minmay_the_grid_square_5x5_checkered_sparse], layout_basic,
          hell_entry, rand_demon_pan_entry_8, abyss_entry
Depths:4: cheibrodos_spurs, layout_cave_pools, enter_ziggurat_c, fountainhead,
          hellmouth_1, abyss_entry, uniq_boris, uniq_enchantress
Depths:5: evilmike_zot_entry_argh, layout_small_grid, pf_hell_entry_tar_river,
          chequers_serial_rivers_micro_e
Zot:1:    layout_concentric_octagons
Zot:2:    layout_twisted_circle, skrybe_zot_glass_2
Zot:3:    layout_basic
Zot:4:    lemuel_draconian_sentries_small, layout_misc_corridors

Skill      XL: |  1  2  3  4  5  6  7  8  9 10 11 12 13 14 15 16 17 18 19 |
---------------+----------------------------------------------------------+-----
Axes           | 3 4 5 6 8 9 11 12 13 14 16 17 18 | 18.0
Fighting       | 3 4 5 6 7 8 9 10 11 12 13 14 15 | 15.4
Armour         | 4 5 6 7 8 9 10 11 12 13 14 15 16 17 | 17.9
Shields        | 4 5 6 7 8 9 10 11 12 13 15 | 15.0
Invocations    | 1 3 5 7 9 10 11 12 13 15 | 15.0
Dodging        | 7 8 9 11 13 15 | 15.0
Evocations     | 6 |  6.0

Action                   |  1- 3 |  4- 6 |  7- 9 | 10-12 | 13-15 | 16-18 | 19-21 || total
-------------------------+-------+-------+-------+-------+-------+-------+-------++-------
Melee: War axe           |   107 |   187 |   319 |   624 |       |       |       ||  1237
       Hand axe          |       |       |       |   106 |    15 |       |       ||   121
       Broad axe         |       |       |       |    97 |   849 |   879 |   273 ||  2098
Invok: Lesser Servant of |       |       |       |     3 |       |     1 |       ||     4
       Greater Servant o |       |       |       |       |     3 |     4 |     1 ||     8
 Abil: Heal Wounds       |       |     5 |    19 |    34 |     9 |    13 |    10 ||    90
Evoke: Wand              |       |       |       |       |     1 |       |     3 ||     4
       Tin of tremorston |       |       |       |       |       |       |     3 ||     3
  Use: Scroll            |       |    12 |       |    14 |    14 |     3 |     2 ||    45
       Potion            |       |     1 |     1 |     4 |     3 |       |     2 ||    11
 Stab: Paralysed         |       |       |       |       |     2 |       |       ||     2
       Distracted        |       |       |       |       |     3 |     3 |       ||     6
       Confused          |       |       |       |       |       |       |     2 ||     2
  Eat: Chunk             |       |     6 |     6 |    18 |     7 |     9 |     1 ||    47
       Ration            |       |       |       |     1 |     3 |     1 |       ||     5
Armor: Plate armour      |    77 |   158 |   247 |   655 |   526 |    66 |       ||  1729
       Scale mail        |     1 |       |       |       |       |       |       ||     1
       Chain mail        |       |       |       |       |       |   240 |   105 ||   345
Dodge: Dodged            |    14 |    57 |    72 |   236 |   433 |   311 |   127 ||  1250
Block: Kite shield       |    62 |   106 |   190 |   627 |   726 |   514 |   154 ||  2379

Table legend:
 A = Non-vault XP
 B = Vault XP
 C = Vault XP percentage of total XP
 D = Non-vault monster count
 E = Vault monster count
 F = Vault count percentage of total count
                 A         B        C        D         E       F
            +---------+---------+-------+---------+---------+-------
      Total |  269761 |  189028 |  41.2 |     626 |     293 |  31.9
            +---------+---------+-------+---------+---------+-------
        D:1 |      27 |       8 |  22.9 |      14 |       4 |  22.2
        D:2 |      33 |      35 |  51.5 |      18 |       1 |   5.3
        D:3 |       2 |       0 |   0.0 |       1 |       0 |   0.0
        D:4 |     400 |       4 |   1.0 |      20 |       1 |   4.8
        D:5 |     133 |       0 |   0.0 |      12 |       0 |   0.0
        D:6 |    1401 |       0 |   0.0 |      30 |       0 |   0.0
        D:7 |     867 |     877 |  50.3 |       7 |       3 |  30.0
        D:8 |     969 |      95 |   8.9 |      27 |       1 |   3.6
        D:9 |    1647 |    3305 |  66.7 |      36 |      10 |  21.7
       D:10 |    1417 |       2 |   0.1 |      10 |       2 |  16.7
       D:11 |     452 |    2821 |  86.2 |       4 |       9 |  69.2
       D:12 |    3158 |       0 |   0.0 |      26 |       0 |   0.0
       D:13 |    7216 |    3779 |  34.4 |      24 |       6 |  20.0
       D:14 |    4264 |       0 |   0.0 |      14 |       0 |   0.0
       D:15 |   10959 |    3017 |  21.6 |      30 |       4 |  11.8
     Lair:1 |    2275 |       0 |   0.0 |      11 |       0 |   0.0
     Lair:2 |    3122 |    1773 |  36.2 |      12 |       7 |  36.8
     Lair:3 |    2148 |       0 |   0.0 |      10 |       0 |   0.0
     Lair:4 |    5750 |    3636 |  38.7 |      19 |      11 |  36.7
     Lair:5 |    6773 |    4251 |  38.6 |      23 |      13 |  36.1
   Shoals:1 |    3096 |     317 |   9.3 |       8 |       1 |  11.1
   Shoals:2 |    1763 |       0 |   0.0 |       3 |       0 |   0.0
   Shoals:3 |    3242 |       0 |   0.0 |       8 |       0 |   0.0
   Shoals:4 |    5109 |   17874 |  77.8 |      13 |      27 |  67.5
   Spider:1 |    9040 |    1581 |  14.9 |      25 |       1 |   3.8
   Spider:2 |   11499 |       0 |   0.0 |      30 |       0 |   0.0
   Spider:3 |    6590 |    3416 |  34.1 |      15 |       8 |  34.8
   Spider:4 |    5363 |   17949 |  77.0 |       9 |      40 |  81.6
   Vaults:1 |   11940 |   15980 |  57.2 |      20 |      24 |  54.5
   Vaults:2 |    8054 |    1418 |  15.0 |       9 |       4 |  30.8
   Vaults:3 |    2823 |       0 |   0.0 |       5 |       0 |   0.0
   Vaults:4 |   21374 |   24248 |  53.1 |      37 |      35 |  48.6
   Vaults:5 |       0 |   59394 | 100.0 |       0 |      45 | 100.0
   Depths:1 |   13186 |       0 |   0.0 |      18 |       0 |   0.0
   Depths:2 |       0 |    6644 | 100.0 |       0 |      25 | 100.0
   Depths:3 |    9008 |       0 |   0.0 |      12 |       0 |   0.0
   Depths:4 |    9304 |       0 |   0.0 |       8 |       0 |   0.0
   Depths:5 |   38001 |   16604 |  30.4 |      26 |      11 |  29.7
      Zot:1 |   10124 |       0 |   0.0 |       8 |       0 |   0.0
      Zot:2 |   11806 |       0 |   0.0 |       7 |       0 |   0.0
      Zot:3 |    4902 |       0 |   0.0 |       3 |       0 |   0.0
      Zot:4 |   30524 |       0 |   0.0 |      14 |       0 |   0.0
            +---------+---------+-------+---------+---------+-------
